 Dungeon Crawl Stone Soup version 0.20.0-15-g7f486f2 (webtiles) character file.

236 skittles the Firebug (level 5, 0/38 HPs)
             Began as a Draconian Fire Elementalist on June 20, 2017.
             Slain by an orc
             ... wielding a +0 hand axe
              (4 damage)
             ... on level 4 of the Dungeon.
             The game lasted 00:10:28 (3750 turns).

skittles the Firebug (Draconian Fire Elementalist)  Turns: 3750, Time: 00:10:29

Health: 0/38       AC:  6    Str: 10    XL:     5   Next: 77%
Magic:  5/10       EV: 12    Int: 16    God:
Gold:   129        SH:  0    Dex: 12    Spells: 3/11 levels left

rFire    + . .     SeeInvis .   p - +0 short sword (elec)
rCold    x . .     Gourm    .   (no shield)
rNeg     . . .     Faith    .   (armour unavailable)
rPois    .         Spirit   .   (helmet restricted)
rElec    .         Reflect  .   (no cloak)
rCorr    .         Harm     .   (no gloves)
MR       .....                  c - +0 pair of boots
Stlth    ++........             (no amulet)
Regen    0.2/turn               m - ring of fire
MPRegen  0.2/turn               (no ring)

@: no status effects
A: unfitting armour, cold-blooded, AC +5
a: no special abilities


You were on level 4 of the Dungeon.
You were not hungry.

You visited 1 branch of the dungeon, and saw 4 of its levels.

You collected 129 gold pieces.

Inventory:

Hand Weapons
 d - a +0 spear
 p - a +0 short sword of electrocution (weapon)
 r - a +2 mace of holy wrath
Armour
 c - a +0 pair of boots (worn)
Jewellery
 m - a ring of fire (left hand)
 w - an uncursed ring of positive energy {unknown}
Scrolls
 e - a scroll of blinking {unknown}
 f - a scroll of noise {unknown}
 h - 2 scrolls of remove curse
 q - a scroll of magic mapping {unknown}
 s - a scroll of recharging {unknown}
 u - a scroll of enchant weapon {unknown}
Potions
 g - a potion of magic {unknown}
 k - 2 potions of berserk rage {unknown}
 l - 2 potions of heal wounds {unknown}
 n - 3 potions of haste {unknown}
 o - a potion of brilliance {unknown}
 t - 4 potions of curing {unknown}
 v - a potion of degeneration {unknown}
Books
 a - a book of Flames

   Spells                             Type                      Level
   a - Flame Tongue                   Conjuration/Fire             1
   b - Throw Flame                    Conjuration/Fire             2
   c - Conjure Flame                  Conjuration/Fire             3
   d - Inner Flame                    Hexes/Fire                   3
   e - Sticky Flame                   Conjuration/Fire             4
   f - Fireball                       Conjuration/Fire             5
 j - a book of Cantrips

   Spells                             Type                      Level
   a - Confusing Touch                Hexes                        1
   b - Animate Skeleton               Necromancy                   1
   c - Summon Small Mammal            Summoning                    1
   d - Apportation                    Translocation                1
Comestibles
 b - 3 bread rations
 i - a meat ration


   Skills:
 - Level 1.7 Dodging
 - Level 1.7 Stealth
 + Level 3.6 Spellcasting
 + Level 3.3 Conjurations
 + Level 4.4 Fire Magic


You had 3 spell levels left.
You knew the following spells:

 Your Spells              Type           Power        Failure   Level  Hunger
a - Flame Tongue          Conj/Fire      ###..        3%          1    None
b - Conjure Flame         Conj/Fire      ###.....     11%         3    ###....
c - Sticky Flame          Conj/Fire      ###.....     34%         4    ####...


Dungeon Overview and Level Annotations

Branches:
Dungeon (4/15)
 Temple: D:4-7

Altars:
Hepliaklqana


Innate Abilities, Weirdness & Mutations

Your plain brown scales are hard. (AC +5)
You cannot fit into any form of body armour.
You are cold-blooded and may be slowed by cold attacks.


Message History

The orc wizard is severely wounded.
The orc wizard points at you and mumbles some strange words.
The puff of frost hits you!
You feel a terrible chill!
* * * LOW HITPOINT WARNING * * *
The orc hits you with a hand axe.
* * * LOW HITPOINT WARNING * * *
Casting: Flame Tongue
Confirm with . or Enter, or press ? or * to list all spells.
Aiming: Flame Tongue
Press: ? - help, Shift-Dir - straight line, f - orc wizard
Aim: an orc wizard, wielding a dagger and wearing a robe (severely wounded)
Okay, then.
Casting: Flame Tongue
Confirm with . or Enter, or press ? or * to list all spells.
Aiming: Flame Tongue
Press: ? - help, Shift-Dir - straight line, f - orc wizard
Aim: an orc wizard, wielding a dagger and wearing a robe (severely wounded)
You feel a surge of power!
The flame tongue misses the orc wizard.
The orc wizard barely misses you. The orc hits you with a hand axe.
You die...

.. ... .. #># ###
.####+##.####...#
.................#...###
................oo......
...............@#
#...##...##...##
##...##...##...##
#...............#
#...............#...####+##
#...............+...##....######
#...............#...#.....#....#
#....###..###..##...##....#....#
###..###..####+##...##....#....#


You could see an orc wizard and an orc.

Vanquished Creatures
  An orc priest (D:4)
  2 orc wizards
  Terence (D:3)
  3 gnolls (D:3)
  An adder (D:3)
  A worm (D:2)
  3 dart slugs (D:1)
  4 leopard geckos
  4 orcs
  6 giant cockroaches
  9 goblins
  4 hobgoblins
  7 jackals
  3 kobolds
  A quokka (D:2)
  2 ball pythons
  6 bats
  3 frilled lizards
  A leopard gecko skeleton (D:4)
  7 rats
69 creatures vanquished.

Notes
Turn   | Place    | Note
-------+----------+-------------------------------------------
     0 | D:1      | skittles the Draconian Fire Elementalist began the quest for the Orb.
     0 | D:1      | Reached XP level 1. HP: 14/14 MP: 3/3
   263 | D:1      | Reached XP level 2. HP: 19/20 MP: 3/5
  1061 | D:2      | Reached XP level 3. HP: 22/26 MP: 6/6
  1438 | D:2      | Found a hazy altar of Hepliaklqana.
  1912 | D:3      | Noticed Terence
  1943 | D:2      | Learned a level 3 spell: Conjure Flame
  2645 | D:2      | Reached XP level 4. HP: 29/33 MP: 1/8
  2654 | D:2      | Learned a level 4 spell: Sticky Flame
  2723 | D:3      | Killed Terence
  2779 | D:3      | Reached skill level 4 in Fire Magic
  3090 | D:3      | Reached XP level 5. HP: 38/38 MP: 9/9
  3750 | D:4      | Slain by an orc

Skill      XL: |  1  2  3  4  5 |
---------------+----------------+-----
Conjurations   | 2 3 |  3.3
Spellcasting   | 3 |  3.6
Fire Magic     | 4 |  4.4
Dodging        | |  1.7
Stealth        | |  1.7

Action                   |  1- 3 |  4- 6 || total
-------------------------+-------+-------++-------
Melee: Hand axe          |    45 |       ||    45
       Unarmed           |     5 |       ||     5
       Tailslap          |    11 |     6 ||    17
       Spear             |   128 |     6 ||   134
       Short sword       |       |    36 ||    36
 Cast: Flame Tongue      |    33 |    18 ||    51
       Conjure Flame     |     5 |       ||     5
       Sticky Flame      |       |     2 ||     2
  Use: Scroll            |       |     2 ||     2
 Stab: Sleeping          |     4 |     1 ||     5
  Eat: Chunk             |     5 |     5 ||    10
Armor: Skin              |    58 |    13 ||    71
Dodge: Dodged            |   102 |    28 ||   130
